 Dungeon Crawl Stone Soup version 0.16-a0-223-g37887f7 (webtiles) character file.

352266 Ratboiler the Sharpshooter (level 21, -7/183 HPs)
             Began as a Centaur Hunter on Aug 17, 2014.
             Was the Champion of Okawaru.
             Mangled by an iron troll (12 damage)
             ... on Level 5 of the Depths on Aug 19, 2014.
             The game lasted 05:41:14 (79200 turns).

Ratboiler the Sharpshooter (Centaur Hunter)        Turns: 79200, Time: 05:41:15

HP  -7/183       AC 33     Str 21      XL: 21   Next: 31%
MP  29/29        EV 15     Int 14      God: Okawaru [******]
Gold 2859        SH  0     Dex 22      Spells:  3 memorised,  6 levels left

rFire  . . .     SeeInvis +     a - +9 triple crossbow (freeze)
rCold  + . .     Clarity  .     O - +8 scale mail of Untruth {Int+2}
rNeg   . . .     rCorr    .     (no shield)
rPois  +         rRot     .     h - +2 hat
rElec  .         Spirit   .     S - +2 cloak
SustAb .         Warding  .     C - +1 pair of gloves {Dex+3}
rMut   .         Stasis   .     d - +2 centaur barding {rC+}
Gourm  .                        I - amulet of faith
MR     +....                    z - ring of Xohyr {rPois Str+3 Dex+4}
                                u - ring of see invisible

@: very quick, somewhat resistant to hostile enchantments, very unstealthy
A: hooves 3, deformed body, speed 2, tough skin 3
a: Heroism, Finesse, Renounce Religion
}: 2/15 runes: serpentine, barnacled


You were on level 5 of the Depths.
You worshipped Okawaru.
Okawaru was exalted by your worship.
You were not hungry.

You visited 6 branches of the dungeon, and saw 42 of its levels.
You also visited: Labyrinth.

You collected 3989 gold pieces.
You spent 1130 gold pieces at shops.

Inventory:

Hand weapons
 a - a +9 triple crossbow of freezing (weapon)
 b - a +1 great mace of crushing
Missiles
 g - 21 steel bolts
 m - 28 silver bolts (quivered)
 H - 19 bolts of penetration
 M - 206 bolts
 P - 74 bolts of frost
 U - 93 poisoned bolts
 V - 95 bolts of flame
Armour
 d - a +2 centaur barding of cold resistance (worn)
 h - a +2 hat (worn)
 C - a +1 pair of gloves of dexterity (worn)
 O - the +8 scale mail of Untruth (worn) {Int+2}
   (You took it off a minotaur in a labyrinth)

   It affects your intelligence (+2).
 Q - an ice dragon hide
 S - a +2 cloak (worn)
Magical devices
 i - a wand of flame (14)
 j - a wand of digging (7)
 y - a wand of enslavement (10)
 A - a wand of fireball (1)
 D - a wand of cold (8)
 G - a wand of disintegration (9)
 L - a wand of draining (0)
 N - a wand of digging (12)
 T - a wand of heal wounds (7)
 W - a wand of teleportation (2)
 X - a wand of disintegration (9)
 Z - a wand of confusion (19)
Comestibles
 f - 14 bread rations
Scrolls
 e - 11 scrolls of identify
 k - 7 scrolls of fog
 l - 16 scrolls of teleportation
 r - 11 scrolls of remove curse
 t - a scroll of vulnerability
 x - 4 scrolls of fear
 E - 3 scrolls of enchant weapon
 F - 5 scrolls of magic mapping
Jewellery
 c - an uncursed ring of sustain abilities
 u - a ring of see invisible (left hand)
 z - the ring of Xohyr (right hand) {rPois Str+3 Dex+4}
   (You acquired it on level 5 of the Lair of Beasts)

   [ring of poison resistance]

   It affects your strength (+3).
   It affects your dexterity (+4).
   It protects you from poison.
 I - an amulet of faith (around neck)
 Y - a +3 ring of dexterity
Potions
 n - a potion of flight
 q - 5 potions of restore abilities
 v - 4 potions of invisibility
 w - 20 potions of curing
 B - 5 potions of resistance
 K - 2 potions of agility
Miscellaneous
 s - a phial of floods
 R - a lamp of fire
Rods
 J - a +3 rod of the swarm (11/11)
   (You found it on level 5 of the Shoals)


   Skills:
 + Level 14.8 Fighting
 - Level 10.4 Maces & Flails
 * Level 19.9 Crossbows
 + Level 11.9 Armour
 + Level 11.8 Dodging
 - Level 6.1 Stealth
 * Level 7.5 Hexes
 * Level 8.1 Charms
 * Level 8.3 Necromancy
 * Level 7.0 Air Magic
 - Level 7.5 Invocations
 + Level 8.5 Evocations


You had 6 spell levels left.
You knew the following spells:

 Your Spells              Type           Power        Failure   Level  Hunger
a - Regeneration          Chrm/Necr      ###.......   8%          3    ####...
b - Haste                 Chrm           ###.....     100%        6    #######
c - Silence               Hex/Air        ###.......   80%         5    ######.


Dungeon Overview and Level Annotations

Branches:
Dungeon (15/15)            Temple (0/1) D:4             Orc (4/4) D:11
    Elf (0/3) Orc:4          Lair (8/8) D:10         Shoals (5/5) Lair:5
  Snake (5/5) Lair:6        Slime (0/6) Lair:8       Vaults (0/5) D:13
 Depths (5/5) D:15            Zot (0/5) Depths:5

Altars:
Ashenzari
Cheibriados
Dithmenos
Elyvilon
Fedhas
Gozag
Kikubaaqudgha
Okawaru
Qazlal
Sif Muna
Trog
Beogh

Shops:
D:4 }   D:7 ?   D:10 ?   Orc:4 [(=[   Shoals:5 %   Depths:3 *

Portals:
Hell: Depths:1 Depths:2 Depths:3 Depths:4
Abyss: Depths:3 Depths:4 Depths:5
Pandemonium: Depths:1 Depths:3 Depths:4 Depths:5
Ziggurat: Depths:5

Annotations:
D:5 cribozai's ghost, experienced KoAs
D:10 Nergalle
D:11 MackTheKnife's ghost, powerful DrVM
Depths:2 Mara


Innate Abilities, Weirdness & Mutations

You have hooves in place of feet.
Armour fits poorly on your strangely shaped body.
You cover ground very quickly.
You have extremely tough skin (AC +3).


Message History

Press: ? - help, Shift-Dir - straight line, f - you, p - blue devil You feel much better.
This wand has 7 charges left.
The iron troll barely misses you.
The iron troll claws you but does no damage. x2
The blue devil hits you!
* * * LOW HITPOINT WARNING * * *
Firing (i - inventory. (,) - cycle):
m - 29 silver bolts (quivered)
Press: ? - help, Shift-Dir - straight line, f - blue devil
Aim: a blue devil (severely wounded)
You shoot a silver bolt. The silver bolt hits the blue devil!!
You kill the blue devil!
Okawaru accepts your kill. The iron troll bites you!!!
* * * LOW HITPOINT WARNING * * *
The iron troll claws you!
* * * LOW HITPOINT WARNING * * *
The iron troll claws you!!
* * * LOW HITPOINT WARNING * * *
The iron troll closely misses you. The iron troll claws you!
You die...

#..(. #..# . #...
#...#
....##'(##....#
..............#
..............#
.##.........##
#.#######(####
####..# #T# .#
.......# #@#
.##.......## #(#
.##........# #)#
.##........## #.#
.##......... #.#
.##.......#.## #.#
.##.......#..# #.###
..........##.# #...#
..........##.###.###


You could see an iron troll.

Vanquished Creatures
  3 golden dragons
  3 liches
  3 tentacled monstrosities
  A titan (Depths:4)
  Polyphemus (Shoals:4)
  3 storm dragons (Depths:5)
  2 octopode crushers
  2 krakens
  A tengu reaver (Depths:5)
  Rupert (Shoals:1)
  Kirke (Snake:2)
  A shadow dragon (Depths:5)
  Ilsuiw (Shoals:5)
  5 greater nagas (Snake:5)
  4 frost giants
  2 fire giants
  An iron dragon (Depths:4)
  Aizul (Snake:1)
  An emperor scorpion (Depths:2)
  2 cacodemons
  A reaper (Depths:5)
  A draconian shifter (Depths:5)
  13 very ugly things
  2 spriggan defenders
  11 stone giants
  8 rakshasas
  A draconian caller (Depths:5)
  A grey draconian (Depths:5)
  2 green draconians (Depths:5)
  2 dire elephants
  2 red draconians (Depths:5)
  A yellow draconian (Depths:5)
  A deep elf annihilator (Depths:2)
  A black draconian (Depths:5)
  Snorg (Lair:3)
  A deep elf death mage (Depths:5)
  4 merfolk impalers
  7 merfolk javelineers
  5 yaktaur captains
  5 minotaurs
  5 ettins
  A vault guard (D:13)
  Josephine (D:11)
  2 great orbs of eyes (Depths:3)
  A deep elf high priest (Depths:5)
  3 fire dragons
  Fannar (Orc:4)
  10 ice dragons
  12 naga warriors
  Harold (D:12)
  4 merfolk aquamancers
  A ravenous item mimic (Snake:4)
  6 deep troll earth magi
  4 anacondas
  2 sirens
  6 spriggan air magi
  Erica (D:11)
  9 hydras
  An alligator snapping turtle (Shoals:3)
  7 centaur warriors
  9 deep troll shamans
  5 ogre magi
  10 shock serpents
  45 death yaks
  5 tengu warriors
  7 spriggan berserkers
  15 naga sharpshooters
  Urug (D:15)
  4 catoblepae
  A soul eater (Depths:4)
  3 deep elf knights
  5 skeletal warriors
  9 iron trolls
  A salamander mystic (Snake:4)
  15 sea snakes
  2 torturous demonspawn
  10 hill giants
  A giant orange brain (Depths:3)
  15 deep trolls
  6 unseen horrors
  7 harpies
  A deep elf summoner (Depths:5)
  A flayed ghost (Depths:5)
  12 orc knights
  Erolcha (D:15)
  15 ugly things
  5 naga ritualists
  3 cyclopes
  2 necromancers
  A shadow dragon skeleton (Depths:3)
  An orc sorcerer (Orc:2)
  2 deep elf conjurers
  3 wizards
  A red wasp (Lair:8)
  7 water nymphs
  7 mana vipers
  18 manticores
  An ugly thing skeleton (D:15)
  2 wolf spiders (Lair:8)
  8 griffons
  A cyclops (shapeshifter) (Depths:1)
  A guardian serpent (Lair:8)
  An octopode (shapeshifter) (D:14)
  A sphinx skeleton (Depths:3)
  Maurice (D:12)
  10 elephants
  9 mermaids
  Joseph (D:9)
  12 salamanders
  3 centaur zombies
  2 drowned souls (Shoals:5)
  A phantasmal warrior (D:15)
  46 black mambas
  2 orange demons
  3 kobold demonologists
  18 spiny frogs
  An item mimic (Lair:8)
  22 naga magi
  An elf skeleton (Depths:3)
  An emperor scorpion zombie (D:15)
  A dire elephant skeleton (D:15)
  25 yaktaurs
  A death yak zombie (D:15)
  An iron devil (Depths:3)
  5 komodo dragons
  A hellwing (Depths:3)
  A queen bee (Lair:3)
  A red devil (Depths:3)
  Grinder (D:4)
  4 tengu conjurers
  A queen bee (shapeshifter) (Depths:5)
  5 two-headed ogres
  3 wandering mushrooms (Lair:7)
  4 polar bears (D:11)
  24 merfolk
  2 jumping spiders (shapeshifter)
  11 ravens
  A wind drake (Shoals:1)
  4 trolls
  Prince Ribbit (D:5)
  4 blue devils
  5 blink frogs
  12 snapping turtles
  7 basilisks
  6 slime creatures
  A griffon zombie (D:11)
  A boulder beetle (Lair:7)
  A shadow (D:14)
  4 air elementals (Depths:5)
  10 spriggans
  A fire dragon skeleton (D:11)
  2 trapdoor spiders
  A fire elemental (Depths:1)
  4 redbacks
  11 water elementals
  4 deep elf magi
  53 yaks
  A tarantella (shapeshifter) (Depths:1)
  A redback (shapeshifter) (Depths:4)
  An elf simulacrum (Depths:3)
  4 hogs
  6 vampire mosquitoes (D:12)
  2 wyverns
  A human (D:7)
  A vampire (Depths:1)
  3 deep elf fighters
  A hippogriff (shapeshifter) (Depths:1)
  9 wargs
  2 hungry ghosts
  20 hippogriffs
  2 hill giant skeletons
  Menkaure (D:7)
  59 nagas
  2 soldier ants
  9 wolves
  A steam dragon (Lair:3)
  A mottled dragon (D:13)
  35 water moccasins
  38 orc warriors
  16 yellow wasps
  A spider (shapeshifter) (Depths:2)
  7 ice beasts
  5 spiders (Lair:8)
  A black bear (D:10)
  11 porcupines
  19 ogres
  3 phantoms
  3 necrophages
  A boring beetle (Lair:8)
  Duvessa (D:4)
  9 centaurs
  17 crocodiles
  3 big kobolds
  An earth elemental (Lab)
  26 giant frogs
  6 scorpions
  3 eyes of draining
  2 hippogriff zombies
  A water moccasin skeleton (D:7)
  5 wights (D:6)
  33 killer bees
  A troll skeleton (D:11)
  A goliath beetle (D:6)
  Dowan (D:4)
  10 crimson imps
  A quasit (D:11)
  A giant frog zombie (D:11)
  6 electric eels
  An elf zombie (D:8)
  2 gnoll shamans
  15 hounds
  19 orc priests
  5 jellies
  A giant frog skeleton (D:11)
  2 centaur skeletons
  9 iguanas
  39 orc wizards
  18 worker ants
  A shapeshifter simulacrum (D:11)
  8 sheep
  A killer bee zombie (D:6)
  A mottled dragon zombie (D:15)
  2 big kobold skeletons
  3 mummies
  24 adders
  14 gnolls
  A worker ant zombie (D:6)
  An ogre simulacrum (D:11)
  3 orc skeletons
  2 giant mites
  102 green rats
  3 shadow imps
  An inept feature mimic (D:5)
  3 white imps (D:11)
  3 worms
  4 ufetubi
  An orc simulacrum (D:11)
  A scorpion simulacrum (D:11)
  6 giant geckos
  An iguana simulacrum (D:11)
  166 orcs
  17 bats
  6 giant cockroaches
  21 hobgoblins
  4 jackals
  21 kobolds
  An ooze (D:1)
  11 quokkas
  2 ball pythons
  A giant cockroach zombie (D:6)
  A giant gecko zombie (D:5)
  3 giant newts
  2 giant spores (D:6)
  20 goblins
  A hobgoblin skeleton (D:4)
  2 hobgoblin zombies (D:6)
  A kobold zombie (D:6)
  A quokka skeleton (D:8)
  A quokka zombie (D:6)
  12 rats
  A rat skeleton (D:7)
  10 ballistomycetes
  4 fungi
  12 plants
  4 tentacles
  A tentacle segment (Shoals:1)
1833 creatures vanquished.

Vanquished Creatures (collateral kills)
  A very ugly thing (Depths:3)
  A spriggan air mage (Depths:2)
  An ugly thing (Depths:3)
3 creatures vanquished.

Vanquished Creatures (others)
  A tengu reaver (Depths:1)
  A great orb of eyes (Depths:2)
  A fire crab (shapeshifter) (Depths:2)
  A black mamba (Snake:4)
  3 drowned souls
  A spiny frog (Lair:8)
  A water elemental (Depths:5)
  4 fire elementals
  3 slime creatures (Depths:2)
  A deep elf mage (Depths:1)
  2 orc wizards
  3 orcs (D:8)
  4 giant spores
  2 ballistomycetes
  13 fungi
  13 plants
  38 tentacles
  313 tentacle segments
405 creatures vanquished.

Grand Total: 2241 creatures vanquished

Notes
Turn   | Place    | Note
--------------------------------------------------------------
     0 | D:1      | Ratboiler, the Centaur Hunter, began the quest for the Orb.
     0 | D:1      | Reached XP level 1. HP: 16/16 MP: 1/1
   310 | D:1      | Reached XP level 2. HP: 23/23 MP: 2/2
   666 | D:1      | Reached skill level 1 in Stealth
   803 | D:2      | Reached XP level 3. HP: 20/29 MP: 3/3
  1539 | D:2      | Noticed a scorpion
  1583 | D:2      | Killed a scorpion
  1583 | D:2      | Reached skill level 5 in Crossbows
  1583 | D:2      | Reached XP level 4. HP: 35/37 MP: 3/3
  2112 | D:3      | Found a blossoming altar of Fedhas.
  2143 | D:3      | Found an iron altar of Okawaru.
  2150 | D:3      | Became a worshipper of Warmaster Okawaru
  2662 | D:4      | Noticed Grinder
  2698 | D:4      | Reached XP level 5. HP: 37/42 MP: 1/4
  2812 | D:4      | Paralysed by Grinder for 3 turns
  3107 | D:4      | Noticed Duvessa
  3107 | D:4      | Noticed Dowan
  3183 | D:4      | Found an ancient bone altar of Kikubaaqudgha.
  3184 | D:4      | Killed Duvessa
  3634 | D:4      | Reached skill level 6 in Crossbows
  3634 | D:4      | Reached XP level 6. HP: 43/50 MP: 2/5
  3668 | D:4      | Killed Dowan
  3930 | D:4      | Found Oschak's Gadget Shoppe.
  3961 | D:4      | Found a staircase to the Ecumenical Temple.
  4011 | D:4      | Found a stormy altar of Qazlal.
  4057 | D:4      | Paralysed by Grinder for 5 turns
  4153 | D:4      | Found a bloodstained altar of Trog.
  4491 | D:5      | Entered Level 5 of the Dungeon
  4496 | D:5      | Noticed Prince Ribbit
  4496 | D:5      | Noticed a water moccasin
  4521 | D:4      | Reached XP level 7. HP: 57/57 MP: 1/5
  4537 | D:4      | Paralysed by Grinder for 5 turns
  4544 | D:4      | Paralysed by Grinder for 6 turns
  4556 | D:4      | Paralysed by Grinder for 6 turns
  4621 | D:4      | Paralysed by Grinder for 5 turns
  4674 | D:4      | Killed Grinder
  4674 | D:4      | Acquired Okawaru's first power
  4674 | D:4      | Reached skill level 7 in Crossbows
  5014 | D:5      | Found a staircase to the Ecumenical Temple.
  5029 | D:5      | the staircase to the Ecumenical Temple was a mimic.
  5069 | D:5      | Killed a water moccasin
  5287 | D:5      | Reached XP level 8. HP: 66/66 MP: 6/6
  5529 | D:5      | Noticed a troll
  5655 | D:5      | Killed a troll
  5655 | D:5      | Reached skill level 8 in Crossbows
  6106 | D:5      | Killed Prince Ribbit
  6326 | D:5      | Found a white marble altar of Elyvilon.
  6416 | D:5      | Noticed cribozai's ghost (experienced KoAs)
  6521 | D:6      | Found a shattered altar of Ashenzari.
  6590 | D:6      | Reached skill level 5 in Fighting
  7307 | D:6      | Reached skill level 9 in Crossbows
  7419 | D:6      | Reached XP level 9. HP: 71/74 MP: 7/7
  8497 | D:7      | Noticed Menkaure
  8501 | D:7      | Killed Menkaure
  8671 | D:7      | Found an opulent altar of Gozag.
  8778 | D:7      | Reached skill level 10 in Crossbows
  9094 | D:7      | Found Weudeine's Magic Scroll Shop.
  9102 | D:7      | Bought a scroll of identify for 26 gold pieces
  9102 | D:7      | Bought a scroll of amnesia for 45 gold pieces
  9102 | D:7      | Bought a scroll of magic mapping for 45 gold pieces
  9102 | D:7      | Bought a scroll of silence for 97 gold pieces
  9102 | D:7      | Bought 3 scrolls of random uselessness for 39 gold pieces
  9102 | D:7      | Bought a scroll of remove curse for 39 gold pieces
  9348 | D:7      | Found a snail-covered altar of Cheibriados.
  9850 | D:8      | Reached skill level 5 in Dodging
 10341 | D:8      | Found a shadowy altar of Dithmenos.
 10407 | D:8      | Reached skill level 5 in Stealth
 10532 | D:8      | Found a deep blue altar of Sif Muna.
 10891 | D:9      | Reached XP level 10. HP: 76/84 MP: 2/7
 11206 | D:9      | Noticed a centaur warrior
 11274 | D:9      | Killed a centaur warrior
 11274 | D:9      | Received a gift from Okawaru
 11430 | D:9      | Reached skill level 11 in Crossbows
 11789 | D:9      | Noticed Joseph
 11811 | D:9      | Killed Joseph
 11811 | D:9      | Received a gift from Okawaru
 12253 | D:10     | Entered Level 10 of the Dungeon
 12344 | D:10     | Found a staircase to the Lair.
 12569 | D:10     | Noticed Nergalle
 12632 | D:10     | Noticed a hill giant
 12938 | D:10     | Noticed a hill giant
 13022 | D:10     | Found Foinamu's Magic Scroll Shoppe.
 13029 | D:10     | Bought a scroll of noise for 14 gold pieces
 13029 | D:10     | Bought a scroll of immolation for 49 gold pieces
 13029 | D:10     | Bought a scroll of identify for 28 gold pieces
 13029 | D:10     | Bought a scroll of identify for 28 gold pieces
 13364 | D:10     | Received a gift from Okawaru
 13621 | D:10     | Killed a hill giant
 13907 | D:10     | Acquired Okawaru's second power
 13916 | D:10     | Reached skill level 12 in Crossbows
 14196 | D:10     | Received a gift from Okawaru
 14266 | D:10     | Reached XP level 11. HP: 44/93 MP: 2/8
 14625 | D:10     | Killed a hill giant
 14831 | Lair:1   | Entered Level 1 of the Lair of Beasts
 14841 | Lair:1   | Received a gift from Okawaru
 15019 | Lair:1   | Upgraded the game from 0.16-a0-148-g3b84123 to 0.16-a0-212-g3ed950e
 15372 | Lair:1   | Noticed a six-headed hydra
 15389 | Lair:1   | Noticed a five-headed hydra
 15473 | Lair:1   | Killed a five-headed hydra
 15473 | Lair:1   | Received a gift from Okawaru
 16242 | Lair:1   | Received a gift from Okawaru
 16376 | Lair:1   | Reached skill level 1 in Invocations
 16525 | Lair:2   | Got a scintillating pewter ring
 16527 | Lair:2   | Identified the ring of the Hippo {Fire Stlth-} (You found it on level 2 of the Lair of Beasts)
 16768 | Lair:2   | Reached skill level 1 in Maces & Flails
 17324 | Lair:1   | Reached skill level 13 in Crossbows
 17749 | Lair:1   | Received a gift from Okawaru
 18269 | Lair:2   | Received a gift from Okawaru
 18855 | Lair:2   | Got a garnet-encrusted chain mail
 18867 | Lair:2   | Identified the +7 chain mail "Enirhun" {rF+} (You found it on level 2 of the Lair of Beasts)
 18988 | Lair:2   | Reached skill level 1 in Armour
 19203 | Lair:3   | Reached XP level 12. HP: 86/104 MP: 16/16
 21398 | Lair:3   | Received a gift from Okawaru
 21399 | Lair:3   | Got an iridescent arbalest {god gift}
 21400 | Lair:3   | Identified the +2 arbalest "Tireluph" {velocity, -Cast rF+ Dex+4} (Okawaru gifted it to you on level 3 of the Lair of Beasts)
 21503 | Lair:3   | Noticed a six-headed hydra
 21517 | Lair:3   | Killed a six-headed hydra
 21656 | Lair:3   | Noticed Snorg
 21706 | Lair:3   | Killed Snorg
 22254 | Lair:4   | Reached skill level 14 in Crossbows
 22638 | Lair:4   | Noticed a four-headed hydra
 22660 | Lair:4   | Killed a four-headed hydra
 23335 | Lair:4   | Received a gift from Okawaru
 23336 | Lair:4   | Got a jewelled arbalest {god gift}
 23337 | Lair:4   | Identified the +2 arbalest "Lifych" {speed, +Blink MR+ Stlth+} (Okawaru gifted it to you on level 4 of the Lair of Beasts)
 24330 | Lair:5   | Noticed an eight-headed hydra
 24343 | Lair:5   | Killed an eight-headed hydra
 24343 | Lair:5   | Reached XP level 13. HP: 90/113 MP: 17/17
 24766 | Lair:5   | Identified a scroll of acquirement
 24771 | Lair:5   | Got a sparkling wooden ring
 24773 | Lair:5   | Identified the ring of Xohyr {rPois Str+3 Dex+4} (You acquired it on level 5 of the Lair of Beasts)
 25081 | Lair:5   | Found a staircase to the Shoals.
 25116 | Lair:5   | Received a gift from Okawaru
 25129 | Lair:5   | Reached skill level 10 in Fighting
 25129 | Lair:5   | Reached skill level 5 in Maces & Flails
 25144 | Lair:5   | Received a gift from Okawaru
 25459 | Lair:6   | Found a staircase to the Snake Pit.
 25467 | Lair:6   | Found a labyrinth entrance.
 25502 | Lab      | Entered a labyrinth
 26047 | Lab      | Received a gift from Okawaru
 26048 | Lab      | Got a shimmering plate armour {god gift}
 26060 | Lab      | Identified the +3 plate armour of Koant {+Rage Str-2} (Okawaru gifted it to you in a labyrinth)
 26083 | Lab      | Got a fine glaive
 26083 | Lab      | Got a slimy scale mail
 26084 | Lab      | Identified the +6 glaive "Ghataig" {pain, +Rage rC+ Dex-3 Stlth-} (You took it off a minotaur in a labyrinth)
 26098 | Lab      | Identified the cursed +8 scale mail of Untruth {Int+2} (You took it off a minotaur in a labyrinth)
 26266 | Lab      | Got a faintly glowing scale mail
 26280 | Lab      | Identified the +4 scale mail of Perpetual Drought {Int+2} (You found it in a labyrinth)
 26550 | Lair:6   | Reached skill level 15 in Crossbows
 26560 | Lair:6   | Reached skill level 5 in Armour
 27430 | Lair:7   | Got a pair of bloodstained gloves
 27442 | Lair:7   | Identified the cursed +0 pair of gloves of the Lost Path {rPois} (You found it on level 7 of the Lair of Beasts)
 27991 | Lair:7   | Received a gift from Okawaru
 28067 | Lair:7   | Received a gift from Okawaru
 28398 | Lair:8   | Entered Level 8 of the Lair of Beasts
 28662 | Lair:8   | Received a gift from Okawaru
 28697 | Lair:8   | Reached XP level 14. HP: 122/122 MP: 18/18
 28892 | Lair:8   | Received a gift from Okawaru
 30050 | Lair:8   | Found a staircase to the Slime Pits.
 30378 | Lair:8   | Reached skill level 16 in Crossbows
 30508 | Lair:8   | Received a gift from Okawaru
 30698 | Lair:8   | Received a gift from Okawaru
 31247 | Lair:1   | Killed a six-headed hydra
 31419 | D:11     | Noticed MackTheKnife's ghost (powerful DrVM)
 31428 | D:10     | Received a gift from Okawaru
 32090 | D:11     | Noticed Josephine
 32099 | D:11     | Killed Josephine
 32849 | D:11     | Found a staircase to the Orcish Mines.
 32963 | D:11     | Noticed a cyclops
 32975 | D:11     | Killed a cyclops
 33245 | D:11     | Noticed Erica
 33273 | D:11     | Killed Erica
 33283 | D:11     | Noticed an orc knight
 33335 | D:11     | Killed an orc knight
 33404 | D:11     | Noticed a hill giant
 33407 | D:11     | Killed a hill giant
 33515 | Orc:1    | Entered Level 1 of the Orcish Mines
 33975 | Orc:1    | Found an iron altar of Okawaru.
 34403 | Orc:2    | Received a gift from Okawaru
 34643 | Orc:3    | Found a roughly hewn altar of Beogh.
 36152 | Orc:4    | Entered Level 4 of the Orcish Mines
 36264 | Orc:4    | Found a roughly hewn altar of Beogh.
 36297 | Orc:4    | Reached XP level 15. HP: 118/130 MP: 19/19
 36328 | Orc:4    | Found a staircase to the Elven Halls.
 36593 | Orc:4    | Received a gift from Okawaru
 36633 | Orc:4    | Found Phoix's Armour Shoppe.
 36633 | Orc:4    | Found Romeut's Antique Weapon Boutique.
 36691 | Orc:4    | Found a roughly hewn altar of Beogh.
 36701 | Orc:4    | Noticed Fannar
 36707 | Orc:4    | Killed Fannar
 36752 | Orc:4    | Received a gift from Okawaru
 36753 | Orc:4    | Got a creamy pearl robe {god gift}
 36967 | Orc:4    | Found Ilomoal's Armour Boutique.
 37193 | Orc:4    | Found Addoivav's Jewellery Shoppe.
 37305 | Orc:4    | Bought a cursed amulet of inaccuracy for 28 gold pieces
 37305 | Orc:4    | Bought an uncursed amulet of faith for 560 gold pieces
 37838 | D:12     | Noticed Harold
 37840 | D:12     | Noticed Maurice
 37857 | D:12     | Killed Harold
 37858 | D:12     | Killed Maurice
 37858 | D:12     | Reached skill level 17 in Crossbows
 38387 | D:12     | Identified the +0 robe of the Eight Boll Weevils {Dex+5 Int+3} (Okawaru gifted it to you on level 4 of the Orcish Mines)
 39310 | D:13     | Noticed Erolcha
 39513 | D:13     | Found a gate to the Vaults.
 40834 | D:13     | Received a gift from Okawaru
 41464 | D:14     | Received a gift from Okawaru
 41980 | D:14     | Received a gift from Okawaru
 42498 | D:15     | Entered Level 15 of the Dungeon
 42519 | D:15     | Killed Erolcha
 42709 | D:15     | Noticed Urug
 42726 | D:15     | Killed Urug
 42845 | D:15     | Received a gift from Okawaru
 43068 | D:15     | Found a staircase to the Depths.
 43475 | D:15     | Reached XP level 16. HP: 106/139 MP: 19/19
 43692 | D:15     | Found a snail-covered altar of Cheibriados.
 44158 | D:15     | Upgraded the game from 0.16-a0-212-g3ed950e to 0.16-a0-223-g37887f7
 44566 | Snake:1  | Entered Level 1 of the Snake Pit
 45044 | Snake:1  | Noticed Aizul
 45062 | Snake:1  | Killed Aizul
 45372 | Snake:1  | Received a gift from Okawaru
 47242 | Snake:2  | Reached skill level 18 in Crossbows
 47636 | Snake:3  | Reached skill level 10 in Dodging
 47692 | Snake:3  | Reached skill level 1 in Evocations
 47754 | Snake:3  | Reached skill level 10 in Armour
 47996 | Snake:3  | Received a gift from Okawaru
 48685 | Snake:3  | Noticed Kirke
 49432 | Snake:2  | Killed Kirke
 49432 | Snake:2  | Reached skill level 5 in Invocations
 51339 | Snake:4  | Reached XP level 17. HP: 146/148 MP: 23/23
 51758 | Snake:5  | Entered Level 5 of the Snake Pit
 51769 | Snake:5  | Received a gift from Okawaru
 54688 | Snake:5  | Reached skill level 10 in Maces & Flails
 54688 | Snake:5  | Reached skill level 5 in Evocations
 55301 | Snake:5  | Received a gift from Okawaru
 55436 | Snake:5  | Got a serpentine rune of Zot
 56055 | Shoals:1 | Entered Level 1 of the Shoals
 56626 | Shoals:1 | Noticed Rupert
 56633 | Shoals:1 | Paralysed by Rupert for 6 turns
 56660 | Shoals:1 | Killed Rupert
 58392 | Shoals:2 | Received a gift from Okawaru
 58420 | Shoals:2 | Got a smoking executioner's axe {god gift}
 58421 | Shoals:2 | Identified the +7 executioner's axe "Itariem" {pain, rN+ Dex+4} (Okawaru gifted it to you on level 2 of the Shoals)
 58696 | Shoals:3 | Found an opulent altar of Gozag.
 58967 | Shoals:3 | Learned a level 3 spell: Regeneration
 59014 | Shoals:3 | Reached XP level 18. HP: 137/158 MP: 26/26
 59043 | Shoals:3 | Reached skill level 1 in Necromancy
 59061 | Shoals:3 | Found an iron altar of Okawaru.
 59219 | Shoals:3 | Reached skill level 1 in Charms
 59652 | Shoals:3 | Received a gift from Okawaru
 60834 | Shoals:4 | Noticed Polyphemus
 60851 | Shoals:4 | Killed Polyphemus
 62136 | Shoals:5 | Entered Level 5 of the Shoals
 62229 | Shoals:5 | Noticed Ilsuiw
 62239 | Shoals:5 | Received a gift from Okawaru
 62248 | Shoals:5 | Killed Ilsuiw
 63108 | Shoals:5 | Identified a +3 rod of the swarm (11/11) (You found it on level 5 of the Shoals)
 63123 | Shoals:5 | Found Tuonluat's Food Boutique.
 63509 | Shoals:5 | Identified Masosuih's Incunabulum of Beguiling
 63656 | Shoals:5 | Got a barnacled rune of Zot
 64348 | Depths:1 | Entered Level 1 of the Depths
 64595 | Lair:1   | Learned a level 6 spell: Haste
 64601 | Lair:1   | Learned a level 5 spell: Silence
 64738 | D:13     | Received a gift from Okawaru
 64739 | D:13     | Got a warped great sword {god gift}
 64741 | D:13     | Identified the +6 great sword "Churun" {slice, rElec Dex+3} (Okawaru gifted it to you on level 13 of the Dungeon)
 65566 | Depths:1 | Reached skill level 1 in Hexes
 65568 | Depths:1 | Reached skill level 1 in Air Magic
 65777 | Depths:1 | Found a gateway to Hell.
 66254 | Depths:1 | Received a gift from Okawaru
 66756 | Depths:1 | Received a gift from Okawaru
 66775 | Depths:1 | Found a one-way gate leading to the halls of Pandemonium.
 67087 | Depths:1 | Reached XP level 19. HP: 129/167 MP: 27/27
 67430 | Depths:2 | Noticed a golden dragon
 67458 | Depths:2 | Paralysed by a spriggan berserker for 4 turns
 67970 | Depths:2 | Noticed Mara
 67980 | Depths:2 | Noticed Ratboiler's illusion
 68339 | Depths:2 | Killed a golden dragon
 68339 | Depths:2 | Received a gift from Okawaru
 68339 | Depths:2 | Reached skill level 5 in Charms
 68558 | Depths:2 | Reached skill level 5 in Necromancy
 68760 | Depths:2 | Paralysed by a spriggan berserker for 2 turns
 68771 | Depths:2 | Received a gift from Okawaru
 68837 | Depths:2 | Noticed Ratboiler's illusion
 69063 | Depths:2 | Reached skill level 19 in Crossbows
 69071 | Depths:2 | Received a gift from Okawaru
 69691 | Depths:3 | Received a gift from Okawaru
 69881 | Depths:3 | Received a gift from Okawaru
 70079 | Depths:3 | Found Ogiop's Assorted Antiques.
 70272 | Depths:2 | Received a gift from Okawaru
 70597 | Depths:2 | Received a gift from Okawaru
 70762 | Depths:3 | Found a one-way gate to the infinite horrors of the Abyss.
 71587 | Depths:3 | Received a gift from Okawaru
 71601 | Depths:3 | Reached skill level 5 in Hexes
 72075 | Depths:3 | Bought a copper wand for 132 gold pieces
 72428 | Depths:3 | Reached XP level 20. HP: 159/176 MP: 28/28
 72707 | Depths:4 | Noticed a golden dragon
 72877 | Depths:3 | Received a gift from Okawaru
 73275 | Depths:3 | Got a dazzling chain mail {god gift}
 73276 | Depths:3 | Identified the +5 chain mail of Venis {Slay+2} (Okawaru gifted it to you on level 3 of the Depths)
 73919 | Depths:4 | Reached skill level 5 in Air Magic
 74806 | Depths:4 | Killed a golden dragon
 75460 | Depths:4 | Identified Laarix's Volume of Evil Shape Shifting (You found it on level 4 of the Depths)
 75731 | Depths:5 | Entered Level 5 of the Depths
 75746 | Depths:5 | Received a gift from Okawaru
 76080 | Depths:5 | Noticed a golden dragon
 76095 | Depths:5 | Killed a golden dragon
 76191 | Depths:5 | Received a gift from Okawaru
 77489 | Depths:5 | Found a gate to the Realm of Zot.
 77766 | Depths:5 | Was placed under penance by Okawaru
 78134 | Depths:5 | Was forgiven by Okawaru
 78140 | Depths:5 | Reached XP level 21. HP: 127/182 MP: 29/29
 78174 | Depths:5 | Received a gift from Okawaru
 78531 | Depths:5 | Received a gift from Okawaru
 78776 | Depths:5 | Found a gateway to a ziggurat.
 79130 | Depths:5 | Received a gift from Okawaru
 79200 | Depths:5 | HP: 5/183 [iron troll (20)]
 79200 | Depths:5 | Mangled by an iron troll

Action                   |  1- 3 |  4- 6 |  7- 9 | 10-12 | 13-15 | 16-18 | 19-21 || total
-------------------------+-------+-------+-------+-------+-------+-------+-------++-------
Melee: Short sword       |    25 |       |       |       |       |       |       ||    25
       Spear             |    37 |    65 |   363 |   385 |       |       |       ||   850
       Morningstar       |       |       |       |   608 |  1314 |   427 |       ||  2349
       Great mace        |       |       |       |       |       |   157 |   130 ||   287
 Fire: Hand crossbow     |    62 |    70 |   288 |   262 |       |       |       ||   682
       Arbalest          |       |       |       |   135 |   598 |   939 |       ||  1672
       Triple crossbow   |       |       |       |       |       |   306 |   854 ||  1160
 Cast: Regeneration      |       |       |       |       |       |       |     1 ||     1
Invok: Heroism           |       |       |       |     1 |     3 |     3 |     5 ||    12
       Finesse           |       |       |       |       |       |     4 |     6 ||    10
Evoke: Wand              |       |     1 |     2 |     9 |     3 |     6 |     5 ||    26
       Phial of floods   |       |       |       |       |       |       |     3 ||     3
       Lamp of fire      |       |       |       |       |       |       |     2 ||     2
  Use: Potion            |     1 |       |       |     7 |     5 |     4 |     8 ||    25
       Scroll            |       |       |     4 |    12 |    24 |    22 |    11 ||    73
 Stab: Sleeping          |       |       |     7 |    10 |       |       |       ||    17
       Distracted        |       |       |       |     1 |     2 |       |       ||     3
  Eat: Chunk             |     1 |     6 |    16 |    14 |    16 |    24 |     8 ||    85
       Fruit             |       |     1 |     2 |     1 |    15 |     5 |       ||    24
       Beef jerky        |       |       |       |     3 |     4 |     1 |     3 ||    11
       Pizza             |       |       |       |     2 |       |     1 |     1 ||     4
       Meat ration       |       |       |       |     3 |     1 |     4 |       ||     8
       Royal jelly       |       |       |       |     2 |     5 |     1 |       ||     8
       Bread ration      |       |       |       |     1 |       |     3 |     5 ||     9
